 Dungeon Crawl Stone Soup version 0.29.1-15-g9cfb28693d (webtiles) character file.

Game seed: 16060835508801068390

76361 jtron the Brawler (level 15, -1/152 HPs)
             Began as a Troll Monk on Dec 14, 2022.
             Was the Champion of Trog.
             Succumbed to a wolf spider's poison
             ... on level 2 of the Spider Nest on Feb 25, 2023.
             The game lasted 01:45:02 (18775 turns).

jtron the Brawler (Troll Monk)                     Turns: 18775, Time: 01:45:03

Health: -1/152     AC: 32    Str: 29    XL:     15   Next: 12%
Magic:  14/14      EV:  6    Int:  6    God:    Trog [******]
Gold:   1429       SH:  5    Dex: 18    Spells: 14/14 levels left

rFire   + . .      SeeInvis .     - Unarmed
rCold   + . .      Faith    .   (no shield)
rNeg    . . .      Spirit   .   o - +9 scales of the Dragon King {rPois rF+ rC+ Will+}
rPois   +          Reflect  +   S - +1 hat {Stlth+}
rElec   .          Harm     .   b - +2 cloak {rPois}
rCorr   +          Rampage  .   (gloves unavailable)
Will    ++...                   (boots unavailable)
Stlth   ..........              U - amulet of reflection
HPRegen 1.15/turn               Q - +6 ring of strength
MPRegen 0.14/turn               r - ring of resist corrosion

@: lethally poisoned (-1 -> -11), on berserk cooldown, slowed, very slow
A: large, unfitting armour, claws 3, regeneration 1, shaggy fur 1, tough skin 1
a: Renounce Religion, Berserk, Trog's Hand, Brothers in Arms


You were on level 2 of the Spider Nest.
You worshipped Trog.
Trog was exalted by your worship.
You visited 5 branches of the dungeon, and saw 21 of its levels.
You also visited: Sewer.

You collected 1429 gold pieces.

Inventory:

Hand Weapons
 i - a +3 vorpal flail
 q - a +0 vorpal arbalest
 E - the +2 scimitar of the Blushing Gods {vorpal, Int+3}
   (You found it on level 11 of the Dungeon)

   It inflicts extra damage upon your enemies.
   Int:       It affects your intelligence (+3).
 F - a +6 spear
 H - a +4 antimagic glaive
 T - a +5 mace
Missiles
 j - 12 poisoned darts
 G - 82 stones
 I - 9 boomerangs (quivered)
 K - 6 curare-tipped darts
 M - 5 silver javelins
 Y - 2 throwing nets
Armour
 b - a +2 cloak of poison resistance (worn)
 o - the +9 scales of the Dragon King (worn) {rPois rF+ rC+ Will+}
   (You acquired it on level 11 of the Dungeon)

   rF:        It protects you from fire.
   rC:        It protects you from cold.
   rPois:     It protects you from poison.
   Will:      It increases your willpower.
 A - a +1 robe of positive energy
 D - a +3 troll leather armour
 N - +1 steam dragon scales
 S - a +1 hat of stealth (worn)
Jewellery
 c - a ring of ice
 d - a ring of willpower
 m - a ring of see invisible
 r - a ring of resist corrosion (right claw)
 Q - a +6 ring of strength (left claw)
 U - an amulet of reflection (around neck)
 Z - a +6 ring of dexterity
Wands
 f - a wand of light (8)
 n - a wand of roots (5)
 B - a wand of flame (9)
 C - a wand of charming (16)
Scrolls
 a - 3 scrolls of blinking
 e - 5 scrolls of vulnerability
 h - 5 scrolls of poison
 k - 8 scrolls of teleportation
 w - 7 scrolls of magic mapping
 y - 4 scrolls of fog
 L - 2 scrolls of fear
 O - 8 scrolls of identify
 P - a scroll of silence
 V - 4 scrolls of immolation
 W - a scroll of enchant weapon
Potions
 g - 2 potions of heal wounds
 l - 3 potions of might
 p - 2 potions of cancellation
 t - 2 potions of resistance
 u - 3 potions of mutation
 v - 4 potions of curing
 x - 3 potions of lignification
 z - a potion of haste
 J - 4 potions of flight
 X - 3 potions of berserk rage
Miscellaneous
 s - a phantom mirror
 R - a condenser vane


   Skills:
 * Level 10.9 Fighting
 + Level 5.8 Throwing
 + Level 8.7 Armour
 + Level 7.0 Dodging
 - Level 1.0 Stealth
 + Level 1.7 Shields
 + Level 19.1 Unarmed Combat
 + Level 2.7 Evocations


You had 14 spell levels left.
You didn't know any spells.
Your spell library contained the following spells:

 Spells                   Type           Power      Damage    Failure   Level
 Shock                    Conj/Air       0%         1d3       100%        1
 Swiftness                Air            0%         N/A       100%        3
 Airstrike                Air            0%         2d(0-16)  100%        4


Dungeon Overview and Level Annotations

Branches:
Dungeon (11/15)            Temple (1/1) D:4            Lair (5/5) D:8
 Shoals (2/4) Lair:2       Spider (1/4) Lair:3          Orc (0/2) D:9
  Sewer (visited)
  Slime: Lair:4-5

Altars:
Ashenzari
Cheibriados
Dithmenos
Elyvilon
Fedhas
Gozag
Hepliaklqana
Kikubaaqudgha
Makhleb
Nemelex Xobeh
Qazlal
Ru
Trog
Xom
Yredelemnul
Zin
The Shining One
Jiyva

Annotations:
Lair:5 exclusion: oklob plant


Innate Abilities, Weirdness & Mutations

You are too large for most types of armour.
You have claws for hands.
Your natural rate of healing is unusually fast.
You are covered in fur. (AC +1)
You have tough skin. (AC +1)


Message History

As you read the scroll of teleportation, it crumbles to dust.
You feel strangely unstable. The wolf spider closely misses you.
The wolf spider bites you but does no damage.
The redback bites you but does no damage.
The culicivora bites you but does no damage.
The redback bites you!
The wolf spider hits you but does no damage.
The wolf spider bites you but does no damage.
The redback bites you but does no damage.
The culicivora completely misses you.
The redback bites you but does no damage.
The torpor snail barely misses you.
The redback bites you but does no damage.
You block the redback's attack. The redback barely misses you.
The wolf spider hits you. The wolf spider bites you.
You are poisoned.
The wolf spider poisons you! The redback bites you!
* * * LOW HITPOINT WARNING * * *
The redback bites you!
* * * LOW HITPOINT WARNING * * *
The wolf spider hits you.
* * * LOW HITPOINT WARNING * * *
The wolf spider bites you but does no damage.
The culicivora barely misses you.
You see here a jumping spider corpse.
* * * LOW HITPOINT WARNING * * *
You feel extremely sick. The redback bites you.
* * * LOW HITPOINT WARNING * * *
The culicivora bites you.
* * * LOW HITPOINT WARNING * * *
The culicivora draws strength from your injuries!
The culicivora bites you.
* * * LOW HITPOINT WARNING * * *
The culicivora draws strength from your injuries!
The tarantella attacks as you move away!
The tarantella touches you but does no damage.
Your surroundings suddenly seem different.
An entropy weaver, a redback and a wolf spider come into view.
You die...

#### #..#
#..# #.@#
.# #...B#
..#
.......s#
##..
##.....^#
...
....###.s
. #.#.
... ..###
. . ##.
#.... #
.. ....#
#...


You could see an entropy weaver (asleep), a wolf spider (asleep) and a redback
(asleep).

Vanquished Creatures
  Gastronok (Lair:3)
  A minotaur (Lair:1)
  Snorg (D:10)
  A merfolk impaler (Shoals:1)
  Fannar (D:10)
  The ghost of qwert the Cruncher, a journeyman MiMo of Wu Jian (Lair:1)
  4 hydras
  Harold (Lair:1)
  Erica (D:8)
  An ogre mage (D:11)
  A centaur warrior (D:11)
  A catoblepas (Lair:2)
  3 boulder beetles
  A merfolk aquamancer (Shoals:2)
  6 two-headed ogres
  A satyr (Shoals:1)
  5 death yaks (Lair:5)
  The ghost of iamoutofideas the Severer, a novice HOGl of Gozag (D:8)
  A sea snake (Shoals:1)
  2 bog bodies (Shoals:1)
  A deep elf pyromancer (D:11)
  3 wolf spiders
  2 cyclopes (D:11)
  A moth of wrath (Spider:2)
  4 fauns (Shoals:1)
  3 manticores
  A merfolk siren (Shoals:1)
  10 elephants
  A water nymph (Shoals:1)
  5 black mambas
  7 cane toads
  Maggie (D:7)
  A torpor snail (Lair:5)
  A gargoyle (D:11)
  2 unseen horrors
  2 yaktaurs (D:11)
  An efreet (D:11)
  Psyche (D:10)
  6 rime drakes
  12 komodo dragons
  A tengu conjurer (D:11)
  6 merfolk
  2 trolls
  12 polar bears
  A wind drake (Shoals:1)
  2 raiju (Lair:5)
  2 tarantellas
  2 slime creatures (D:11)
  A snapping turtle (Shoals:1)
  32 blink frogs
  A jumping spider (Spider:2)
  A culicivora (Spider:2)
  6 wraiths
  2 shadows (D:11)
  32 yaks
  3 basilisks
  3 water elementals (Shoals:2)
  A vampire (D:11)
  6 wyverns
  A golden eye (shapeshifter) (D:11)
  Menkaure (D:4)
  2 redbacks (Spider:2)
  2 vampire mosquitoes (D:11)
  4 wargs (Lair:5)
  An acid dragon (D:11)
  12 hell hounds (Lair:5)
  14 water moccasins
  4 orc warriors
  An ice beast (D:6)
  13 black bears
  4 ogres
  A boggart (D:11)
  32 wolves
  5 centaurs
  2 phantoms (D:5)
  3 kobold brigands
  3 gnoll sergeants
  15 bullfrogs
  Blork the orc (D:5)
  2 scorpions
  2 water moccasin zombies (D:5)
  4 necrophages
  7 wights
  5 killer bees (D:8)
  An electric eel (Lair:2)
  3 howler monkeys
  A centaur zombie (D:5)
  2 hounds (D:6)
  A gnoll bouda (D:8)
  Crazy Yiuf (D:2)
  A jelly (D:8)
  7 orc priests
  A centaur skeleton (D:5)
  4 iguanas
  Natasha (thrice) (D:2)
  Terence (D:2)
  Ijyb (D:3)
  14 orc wizards
  A killer bee zombie (D:5)
  A hound zombie (D:5)
  2 howler monkey zombies (D:5)
  Robin (D:2)
  13 adders
  10 gnolls
  6 river rats
  A shadow imp (D:7)
  A white imp (D:5)
  An ufetubus (D:7)
  An adder zombie (D:5)
  2 worms
  3 dart slugs
  55 orcs
  20 ball pythons
  4 bats
  6 endoplasms
  7 giant cockroaches
  27 goblins
  5 hobgoblins
  7 jackals
  15 kobolds
  5 quokkas
  4 frilled lizards
  21 rats
  A bush (Shoals:1)
  A plant (Shoals:1)
  A tentacle (Shoals:1)
620 creatures vanquished.

Vanquished Creatures (collateral kills)
  Josephine (D:11)
  A centaur warrior (D:11)
  A deep troll earth mage (D:11)
  A wraith (D:11)
  A vampire mosquito (D:11)
  A hell hound (Lair:5)
  A black bear (Lair:5)
  An orc wizard (D:9)
  An orc (D:9)
9 creatures vanquished.

Vanquished Creatures (others)
  An elephant (Lair:5)
  A basilisk (Lair:3)
  2 hell hounds (Lair:5)
  16 fungi
  23 plants
  7 tentacles (Shoals:1)
50 creatures vanquished.

Grand Total: 679 creatures vanquished

Notes
Turn   | Place    | Note
-------+----------+-------------------------------------------
     0 | D:1      | jtron the Troll Monk began the quest for the Orb.
     0 | D:1      | Reached XP level 1. HP: 22/22 MP: 0/0
   128 | D:1      | Reached XP level 2. HP: 24/29 MP: 1/1
   531 | D:1      | Reached XP level 3. HP: 36/36 MP: 2/2
   740 | D:2      | Noticed Terence
   987 | D:2      | Found a runed translucent door.
   988 | D:2      | Noticed Crazy Yiuf
  1006 | D:2      | Killed Crazy Yiuf
  1007 | D:2      | Reached skill level 4 in Unarmed Combat
  1007 | D:2      | Reached XP level 4. HP: 26/44 MP: 0/3
  1185 | D:2      | Noticed Natasha
  1200 | D:2      | Killed Natasha
  1223 | D:2      | Noticed Robin
  1245 | D:2      | Killed Robin
  1246 | D:2      | Reached XP level 5. HP: 40/53 MP: 4/4
  1326 | D:2      | Killed Terence
  1564 | D:2      | Noticed Natasha
  1575 | D:2      | Killed Natasha
  1576 | D:2      | Reached skill level 5 in Unarmed Combat
  1779 | D:2      | Noticed Natasha
  1782 | D:2      | Killed Natasha
  2207 | D:3      | Noticed Ijyb
  2212 | D:3      | Killed Ijyb
  2213 | D:3      | Reached XP level 6. HP: 45/61 MP: 5/5
  2893 | D:4      | Found a staircase to the Ecumenical Temple.
  2903 | Temple   | Entered the Ecumenical Temple
  3106 | Temple   | Became a worshipper of Trog the Wrathful
  3106 | Temple   | Reached * piety under Trog
  3106 | Temple   | Reached ** piety under Trog
  3255 | D:4      | Noticed Menkaure
  3260 | D:4      | Killed Menkaure
  3261 | D:4      | Reached skill level 6 in Unarmed Combat
  3376 | D:4      | Reached skill level 1 in Throwing
  3376 | D:4      | Reached XP level 7. HP: 68/68 MP: 6/6
  3619 | D:4      | Found a basalt altar of Yredelemnul.
  3619 | D:4      | Found a glowing silver altar of Zin.
  3861 | D:4      | Found a sacrificial altar of Ru.
  3870 | D:4      | Found a white marble altar of Elyvilon.
  3875 | D:4      | Found a stormy altar of Qazlal.
  4038 | D:5      | Entered Level 5 of the Dungeon
  4065 | D:5      | Reached skill level 7 in Unarmed Combat
  4115 | D:5      | Reached XP level 8. HP: 78/78 MP: 7/7
  4234 | D:5      | Found a glowing drain.
  4289 | D:5      | Reached *** piety under Trog
  4301 | Sewer    | Entered a sewer
  4388 | Sewer    | Reached skill level 8 in Unarmed Combat
  5033 | D:5      | Reached **** piety under Trog
  5179 | D:5      | Reached skill level 9 in Unarmed Combat
  5196 | D:5      | Noticed Blork the orc
  5210 | D:5      | Killed Blork the orc
  5217 | D:5      | Reached skill level 5 in Fighting
  5489 | D:6      | Noticed a troll
  5501 | D:6      | Killed a troll
  5502 | D:6      | Reached XP level 9. HP: 45/88 MP: 8/8
  5759 | D:6      | Reached skill level 10 in Unarmed Combat
  5796 | D:6      | Reached skill level 5 in Dodging
  5796 | D:6      | Reached skill level 1 in Evocations
  6420 | D:7      | Noticed Maggie
  6534 | D:7      | Reached ***** piety under Trog
  6801 | D:7      | Reached skill level 11 in Unarmed Combat
  6973 | D:7      | Killed Maggie
  6974 | D:7      | Reached XP level 10. HP: 95/98 MP: 9/9
  7676 | D:8      | Found an ancient bone altar of Kikubaaqudgha.
  7819 | D:8      | Noticed Erica
  7828 | D:8      | Killed Erica
  7829 | D:8      | Reached skill level 1 in Armour
  7907 | D:8      | Found a sand-covered staircase.
  8062 | D:8      | Found a staircase to the Lair.
  8266 | D:8      | Noticed a two-headed ogre
  8270 | D:8      | Killed a two-headed ogre
  8271 | D:8      | Reached skill level 12 in Unarmed Combat
  8274 | D:8      | Found a runed translucent door.
  8276 | D:8      | Noticed iamoutofideas's ghost (novice HOGl)
  8299 | D:8      | Killed iamoutofideas's ghost
  8381 | Lair:1   | Entered Level 1 of the Lair of Beasts
  8798 | D:9      | Found a staircase to the Orcish Mines.
  8862 | D:9      | Found a shadowy altar of Dithmenos.
  9231 | D:10     | Entered Level 10 of the Dungeon
  9338 | Lair:1   | Reached XP level 11. HP: 107/107 MP: 10/10
  9481 | Lair:1   | Received a gift from Trog
  9484 | Lair:1   | Reached skill level 13 in Unarmed Combat
  9496 | Lair:1   | Noticed a minotaur
  9496 | Lair:1   | Noticed qwert's ghost (journeyman MiMo)
  9572 | Lair:1   | Found a runed translucent gate.
  9573 | Lair:1   | Found a runed translucent gate.
  9574 | Lair:1   | Found a runed translucent gate.
  9728 | Lair:1   | Noticed a five-headed hydra
  9896 | Lair:1   | Noticed Harold
  9909 | Lair:1   | Killed Harold
 10175 | D:10     | Noticed Snorg
 10191 | D:10     | HP: 4/163 [Snorg (14)]
 10192 | D:10     | Killed Snorg
 10268 | D:10     | Found an opulent altar of Gozag.
 10516 | D:10     | Noticed a two-headed ogre
 10526 | D:10     | Killed a two-headed ogre
 10527 | D:10     | Reached skill level 14 in Unarmed Combat
 10672 | D:10     | Noticed Fannar
 10688 | D:10     | Killed Fannar
 10689 | D:10     | Reached skill level 5 in Throwing
 11130 | D:10     | Noticed Psyche
 11134 | D:10     | Killed Psyche
 11135 | D:10     | Reached XP level 12. HP: 119/119 MP: 11/11
 11197 | D:10     | Noticed a two-headed ogre
 11207 | D:10     | Killed a two-headed ogre
 11289 | D:11     | Noticed a two-headed ogre
 11301 | D:11     | Killed a two-headed ogre
 11522 | D:11     | Noticed a five-headed hydra
 11532 | D:11     | Killed a nine-headed hydra
 11538 | D:11     | Identified a scroll of acquirement
 11538 | D:11     | Acquired the +9 scales of the Dragon King {rPois rF+ rC+
                  | Will+}
 11538 | D:11     | Found the +9 scales of the Dragon King {rPois rF+ rC+
                  | Will+}
 11725 | D:11     | Noticed a boulder beetle
 11749 | D:11     | Killed a boulder beetle
 11803 | D:11     | Noticed Josephine
 11811 | D:11     | Killed Josephine
 11815 | D:11     | Reached skill level 15 in Unarmed Combat
 11906 | D:11     | Noticed a two-headed ogre
 11910 | D:11     | Killed a two-headed ogre
 11950 | D:11     | Noticed a centaur warrior
 11969 | D:11     | Killed a centaur warrior
 12178 | D:11     | Reached skill level 5 in Armour
 12181 | D:11     | Noticed an ogre mage
 12191 | D:11     | Killed an ogre mage
 12393 | D:11     | Noticed a boulder beetle
 12409 | D:11     | Noticed a deep troll earth mage
 12411 | D:11     | Killed a boulder beetle
 12412 | D:11     | Reached XP level 13. HP: 67/131 MP: 12/12
 12508 | D:11     | Identified the +2 scimitar of the Blushing Gods {vorpal,
                  | Int+3}
 12539 | D:11     | Reached skill level 16 in Unarmed Combat
 12873 | Lair:1   | Identified the +4 trident "Orb Guardian's Peril" {freeze,
                  | rCorr Str+6 Int+3 Stlth+}
 13239 | Lair:1   | Killed a minotaur
 13252 | Lair:1   | Killed qwert's ghost
 13597 | Lair:2   | Upgraded the game from 0.29.1-12-g30fa7ad0bf to
                  | 0.29.1-15-g9cfb28693d
 14035 | Lair:2   | Found a staircase to the Shoals.
 14064 | Shoals:1 | Entered Level 1 of the Shoals
 14157 | Shoals:1 | Reached skill level 17 in Unarmed Combat
 14271 | Shoals:1 | Noticed a merfolk impaler
 14285 | Shoals:1 | Killed a merfolk impaler
 14461 | Shoals:1 | Reached skill level 10 in Fighting
 14461 | Shoals:1 | Reached XP level 14. HP: 76/143 MP: 13/13
 14928 | Shoals:1 | Noticed a kraken
 15742 | Lair:3   | Noticed Gastronok
 15753 | Lair:3   | Killed Gastronok
 15925 | Lair:3   | Received a gift from Trog
 16244 | Lair:3   | Found a hole to the Spider Nest.
 17134 | Lair:4   | Reached skill level 18 in Unarmed Combat
 17413 | Lair:5   | Entered Level 5 of the Lair of Beasts
 17709 | Lair:5   | Found a viscous altar of Jiyva.
 17987 | Lair:5   | Reached skill level 1 in Shields
 18072 | Lair:5   | Identified the +1 ring mail of the Transparent God {Int+8
                  | Dex-3 SInv Stlth-}
 18202 | Lair:5   | Reached ****** piety under Trog
 18296 | Lair:5   | Received a gift from Trog
 18308 | Lair:5   | Reached XP level 15. HP: 105/152 MP: 14/14
 18373 | Lair:5   | Reached skill level 19 in Unarmed Combat
 18712 | Spider:1 | Entered Level 1 of the Spider Nest
 18744 | Spider:1 | You fall into a shaft and drop 1 floor!
 18774 | Spider:2 | HP: 7/152 [culicivora (6)]
 18774 | Spider:2 | HP: 3/152 [culicivora (4)]
 18775 | Spider:2 | Succumbed to a wolf spider's poison

Illustrated notes

Levels and vault maps discovered:
D:1:      dpeg_arrival_round_b, layout_loops_ring, dk_noncrumbling_4
D:2:      layout_basic, serial_bayou_pond_e, uniq_crazy_yiuf_cottage,
          uniq_natasha, uniq_terence, uniq_robin
D:3:      minmay_skewed_foursquare, layout_loops_ring, uniq_ijyb
D:4:      minmay_chambers_of_twos, layout_basic,
          minmay_overflow_temple_star_quad, gammafunk_temple_overflow_statue,
          temple_pool_b, uniq_menkaure
D:5:      layout_loops_corners, serial_undead, serial_undead_f, serial_undead_a,
          serial_undead_c, serial_undead_f, portal_sewer_entry_c,
          uniq_blork_the_orc
D:6:      layout_basic, minmay_between
D:7:      layout_gridville, uniq_maggie
D:8:      layout_loops_ring, mainiacjoe_overflow_boulevard, lair_entry_dummy,
          ebering_ghost_reflecting_pool, enter_ossuary_2, uniq_erica
D:9:      layout_roguey, grunt_dithmenos_smoke, minmay_orc_entry_temple_small,
          enter_bailey_3, blue_anna_alchemist
D:10:     layout_stronghold, mainiacjoe_overflow_24_doors, minivault_25,
          uniq_fannar, uniq_psyche, uniq_snorg
D:11:     hangedman_cross_veins, layout_grid_maze, minmay_evil_grid,
          uniq_josephine
Temple:   dpeg_chambers_temple
Lair:1:   layout_regular_city, maelrawn_ghost_gauntlet_escape,
          portal_ice_cave_rime, chequers_serial_rivers_micro_a, uniq_harold
Lair:2:   layout_layer_cave, elwin_shoals_entry_rooms, serial_bayou_pond_b
Lair:3:   layout_hall_layers, spider_nest_entry_webs, grunt_megastairs_5,
          uniq_gastronok
Lair:4:   layout_gridlike, hibernation_bobbens, serial_bayou_shore_b,
          infiniplex_staircase_pool
Lair:5:   hangedman_lair_caniforms_friends, layout_cave_shapes,
          minmay_slime_entry_oklob_enclosed, grunt_megastairs_4
Shoals:1: cheibrodos_shoals_satyrical_garden, layout_shoals,
          nicolae_shoals_secluded_bog
Shoals:2: layout_shoals, nicolae_shoals_mertower
Spider:1: layout_cave_pods, drop_trap, guppyfry_spider_mini_3
Spider:2: nicolae_spider_mines_2, uniq_nikola, uniq_arachne, uniq_frances

Skill      XL: |  1  2  3  4  5  6  7  8  9 10 11 12 13 14 15 |
---------------+----------------------------------------------+-----
Dodging        | 3 4 5 6 7 |  7.0
Unarmed Combat | 4 5 6 7 9 11 12 14 15 17 18 19 | 19.1
Fighting       | 3 4 5 6 7 9 10 | 10.9
Throwing       | 1 2 3 4 5 |  5.8
Evocations     | 1 2 |  2.7
Armour         | 2 4 5 7 8 |  8.7
Shields        | 1 |  1.7
Stealth        | |  1.0

Action                   |  1- 3 |  4- 6 |  7- 9 | 10-12 | 13-15 || total
-------------------------+-------+-------+-------+-------+-------++-------
Melee: Unarmed           |   109 |   161 |   353 |   505 |   781 ||  1909
       Punch             |     1 |     2 |    12 |    34 |    86 ||   135
 Fire: Sling             |       |     2 |       |       |       ||     2
Throw: Stone             |     1 |    28 |     6 |       |       ||    35
       Throwing net      |       |     1 |     1 |       |       ||     2
       Dart              |       |       |    11 |       |     5 ||    16
       Boomerang         |       |       |    10 |    59 |    17 ||    86
Invok: Berserk           |       |     2 |     5 |    13 |     9 ||    29
       Brothers in Arms  |       |       |       |     3 |     1 ||     4
Evoke: Wand              |       |     2 |    13 |    13 |    19 ||    47
  Use: Potion            |     3 |     1 |     2 |     5 |     1 ||    12
       Scroll            |       |     5 |     1 |    24 |     5 ||    35
 Stab: Sleeping          |     2 |     2 |     2 |     1 |       ||     7
       Invisible         |       |       |     2 |       |       ||     2
       Distracted        |       |       |       |     2 |       ||     2
       Petrified         |       |       |       |       |     2 ||     2
Armor: Robe              |    45 |       |       |       |       ||    45
       Skin              |       |    47 |    83 |     1 |       ||   131
       Troll leather arm |       |       |       |    93 |       ||    93
       Gold dragon scale |       |       |       |    94 |   736 ||   830
Dodge: Dodged            |    45 |    57 |   193 |   179 |   192 ||   666
Block: Other             |       |       |       |       |    81 ||    81
